 Dungeon Crawl Stone Soup version 0.30-a0-870-gc5d4c5acee (webtiles) character file.

Game seed: 14297562803087138117

1476009 loopz the Slayer (level 27, 203/203 HPs)
             Began as a Kobold Enchanter on Mar 11, 2023.
             Was the Champion of Wu Jian.
             Escaped with the Orb
             ... and 3 runes on Mar 12, 2023!
             The game lasted 05:32:32 (91486 turns).

loopz the Slayer (Kobold Enchanter)                Turns: 91486, Time: 05:32:32

Health: 203/203    AC: 26    Str:  6    XL:     27
Magic:  48/48      EV: 40    Int: 17    God:    Wu Jian [******]
Gold:   3676       SH: 21    Dex: 27    Spells: 9/46 levels left

rFire   + + .      SeeInvis +    a - +9 rapier (speed)
rCold   + + +      Faith    .    u - +5 Storm Queen's Shield {shock, Fly rElec}
rNeg    + . .      Spirit   +    J - +5 faerie dragon scales {rF+ Regen+ rCorr HP+8 MP+2 Int+4}
rPois   +          Reflect  .    o - +3 crown of Dyrovepreva {rElec Int+2 SInv}
rElec   +          Rampage  .    y - scarf {rC+ rF+}
rCorr   +                        O - +2 pair of gloves
Will    +++..                    Q - +2 pair of slick slippers {slick, slippery, EV+5}
Stlth   +++                      e - amulet "Buinn" {Spirit rN+ rCorr Int-5}
HPRegen 1.33/turn                A - ring of the Original Sin {rC+ Will+ rCorr MP+9}
MPRegen 0.31/turn                h - ring "Xiururr" {rPois rC+ AC+4}

@: flying, studying 2 skills
A: small, no large weapons, nightstalker 3, talons 1, dopey 1
0: Orb of Zot
}: 3/15 runes: decaying, silver, gossamer
a: Renounce Religion, Wall Jump, Serpent's Lash, Heavenly Storm


You escaped.
You worshipped Wu Jian.
Wu Jian was exalted by your worship.
You visited 10 branches of the dungeon, and saw 48 of its levels.
You also visited: Trove, Gauntlet and Ice Cave.

You collected 10691 gold pieces.
You spent 7015 gold pieces at shops.

Inventory:

Hand Weapons
 a - a +9 rapier of speed (weapon)
 b - the +6 sling "Dufoitix" {heavy, Int+2}
   (You took it off a vault guard on level 5 of the Vaults)

   Int:       It affects your intelligence (+2).
 c - the +11 falchion "Uricva" {spect, rPois rF++ rCorr}
   (You took it off a minotaur in a Gauntlet)

   rF:        It greatly protects you from fire.
   rPois:     It protects you from poison.
   rCorr:     It protects you from acid and corrosion.
 i - the +1 hand axe of Perversion {venom, +Blink rC+}
   (You found it on level 5 of the Vaults)

   rC:        It protects you from cold.
   +Blink:    It lets you blink.
Missiles
 B - 2 throwing nets
 L - 22 curare-tipped darts
Armour
 o - the +3 crown of Dyrovepreva (worn) {rElec Int+2 SInv}
   (You bought it in a shop on level 2 of the Orcish Mines)

   Int:       It affects your intelligence (+2).
   rElec:     It insulates you from electricity.
   SInv:      It lets you see invisible.
 u - the +5 Storm Queen's Shield (worn) {shock, Fly rElec}
   (You bought it in a shop on level 2 of the Orcish Mines)

   Shock:     When it blocks an attack, it may electrocute the attacker.
   This works even against foes who are a short distance away.
   rElec:     It insulates you from electricity.
   Fly:       It grants you flight.
 y - a scarf of resistance (worn)
 F - a +2 cloak of willpower
 J - the +5 faerie dragon scales (worn) {rF+ Regen+ rCorr HP+8 MP+2 Int+4}
   (You took it off the Enchantress on level 1 of the Depths)

   Int:       It affects your intelligence (+4).
   rF:        It protects you from fire.
   HP:        It affects your health (+8).
   MP:        It affects your magic capacity (+2).
   Regen:     It increases your rate of health regeneration.
   rCorr:     It protects you from acid and corrosion.
 O - a +2 pair of gloves (worn)
 Q - the +2 pair of slick slippers (worn) {slick, slippery, EV+5}
   (You acquired it on level 1 of the Lair of Beasts)

   Slick:     Its wearer cannot be constricted, engulfed, netted or webbed.
   Slippery:  It slips away from damaging melee attacks, pulling the attacker
   onward.
   EV:        It affects your evasion (+5).
Jewellery
 e - the amulet "Buinn" (around neck) {Spirit rN+ rCorr Int-5}
   (You found it in a treasure trove)

   [amulet of guardian spirit]

   It causes incoming damage to be divided between your reserves of health and
   magic.
   Int:       It affects your intelligence (-5).
   rN:        It protects you from negative energy.
   rCorr:     It protects you from acid and corrosion.
 g - the macabre finger necklace {Finger+ rN+}
   (You took it off a tengu reaver on level 5 of the Vaults)

   [amulet of nothing]

   Finger+:   It enables you to equip an extra ring.
   rN:        It protects you from negative energy.
 h - the ring "Xiururr" (right hand) {rPois rC+ AC+4}
   (You found it in a treasure trove)

   [ring of protection]

   AC:        It affects your AC (+4).
   rC:        It protects you from cold.
   rPois:     It protects you from poison.
 A - the ring of the Original Sin (left hand) {rC+ Will+ rCorr MP+9}
   (You acquired it on level 2 of the Depths)

   [ring of protection from cold]

   rC:        It protects you from cold.
   MP:        It affects your magic capacity (+9).
   rCorr:     It protects you from acid and corrosion.
   Will:      It increases your willpower.
 K - a +6 ring of dexterity
 P - the ring "Aveys" {rElec rN+ Str+6 Int+3 Dex-5}
   (You took it off a deep elf death mage on level 3 of the Elven Halls)

   [ring of strength]

   Str:       It affects your strength (+6).
   Int:       It affects your intelligence (+3).
   Dex:       It affects your dexterity (-5).
   rElec:     It insulates you from electricity.
   rN:        It protects you from negative energy.
 T - a ring of willpower
 Z - a ring of protection from fire
Wands
 t - a wand of mindburst (29)
 C - a wand of quicksilver (11)
 I - a wand of iceblast (32)
 M - a wand of charming (46)
 U - a wand of digging (14)
Scrolls
 j - 4 scrolls of poison
 k - 3 scrolls of magic mapping
 m - 14 scrolls of teleportation
 s - 2 scrolls of silence
 w - 4 scrolls of fear
 G - 6 scrolls of summoning
 R - 7 scrolls of vulnerability
 S - 7 scrolls of fog
 W - 2 scrolls of blinking
Potions
 f - 9 potions of curing
 l - 10 potions of heal wounds
 n - 2 potions of cancellation
 q - a potion of resistance
 r - 2 potions of might
 v - 7 potions of attraction
 x - 9 potions of flight
 E - a potion of haste
 H - 3 potions of mutation
 N - 2 potions of lignification
 V - 7 potions of invisibility
Miscellaneous
 d - a tin of tremorstones (2/2)
 p - a phantom mirror
 z - a box of beasts
 D - a phial of floods
 X - a condenser vane
 Y - a lightning rod (4/4)


   Skills:
 + Level 25.8 Fighting
 - Level 19.8(20.0) Short Blades
 - Level 2.3(8.9) Long Blades
 - Level 14.0 Ranged Weapons
 - Level 2.0 Throwing
 - Level 10.0 Armour
 - Level 24.0 Dodging
 - Level 15.0 Stealth
 - Level 16.0 Shields
 - Level 10.0 Spellcasting
 - Level 2.0 Conjurations
 - Level 10.0 Hexes
 - Level 5.0 Summonings
 - Level 5.0 Translocations
 - Level 7.0 Transmutations
 - Level 10.0 Ice Magic
 - Level 4.0 Earth Magic
 - Level 20.0 Evocations


You had 9 spell levels left.
You knew the following spells:

 Your Spells              Type           Power      Damage    Failure   Level
a - Ensorcelled Hibernat  Hex/Ice        84%        N/A       1%          2
b - Tukima's Dance        Hex            42%        N/A       1%          3
c - Confusing Touch       Hex            42%        N/A       1%          3
d - Dazzling Flash        Conj/Hex       56%        N/A       8%          3
e - Frozen Ramparts       Ice            84%        1d13      1%          3
f - Ozocubu's Armour      Ice            42%        N/A       1%          3
g - Metabolic Englaciati  Hex/Ice        21%        N/A       14%         5
h - Cause Fear            Hex            21%        N/A       4%          4
i - Summon Ice Beast      Ice/Summ       34%        N/A       14%         4
j - Portal Projectile     Hex/Tloc       68%        N/A       4%          3
k - Blink                 Tloc           50%        N/A       6%          2
l - Passwall              Tmut/Erth      22%        N/A       4%          2

Your spell library contained the following spells:

 Spells                   Type           Power      Damage    Failure   Level
 Freeze                   Ice            100%       1d10      1%          1
 Summon Guardian Golem    Hex/Summ       34%        N/A       4%          3
 Sandblast                Erth           44%        2d11      6%          1
 Call Imp                 Summ           25%        N/A       6%          2
 Lesser Beckoning         Tloc           50%        N/A       6%          2
 Sting                    Tmut/Pois      80%        1d7       8%          1
 Hailstorm                Conj/Ice       28%        3d8       8%          3
 Ice Form                 Ice/Tmut       37%        N/A       10%         4
 Momentum Strike          Conj/Tloc      40%        3d9       11%         2
 Call Canine Familiar     Summ           25%        N/A       12%         3
 Gell's Gravitas          Tloc           25%        N/A       12%         3
 Inner Flame              Hex/Fire       25%        N/A       12%         3
 Teleport Other           Tloc           25%        N/A       12%         3
 Magic Dart               Conj           60%        1d6       14%         1
 Leda's Liquefaction      Hex/Erth       16%        N/A       17%         4
 Foxfire                  Conj/Fire      44%        2x1d6     21%         1
 Kiss of Death            Conj/Necr      44%        2d8       21%         1
 Shock                    Conj/Air       44%        1d5       21%         1
 Searing Ray              Conj           30%        2d5       21%         2
 Spider Form              Tmut/Pois      20%        N/A       22%         3
 Stone Arrow              Conj/Erth      36%        3d9       26%         3
 Fulminant Prism          Conj/Hex       14%        3d9       26%         4
 Yara's Violent Unravell  Hex/Tmut       18%        3d9       26%         5
 Static Discharge         Conj/Air       22%        2-3/arc   30%         2
 Vhi's Electric Charge    Tloc/Air       34%        N/A       32%         3
 Anguish                  Hex/Necr       12%        N/A       36%         4
 Manifold Assault         Tloc           25%        N/A       36%         4
 Passage of Golubria      Tloc           25%        N/A       36%         4
 Cigotuvi's Dreadful Rot  Necr/Pois/Air  16%        N/A       43%         2
 Poisonous Vapours        Pois/Air       16%        N/A       43%         2
 Scorch                   Fire           16%        2d5       43%         2
 Animate Armour           Summ/Erth      46%        N/A       43%         4
 Blade Hands              Tmut           16%        N/A       43%         5
 Mephitic Cloud           Conj/Pois/Air  10%        N/A       58%         3
 Summon Lightning Spire   Summ/Air       17%        N/A       73%         4
 Silence                  Hex/Air        12%        N/A       73%         5
 Summon Forest            Summ/Tloc      12%        N/A       73%         5
 Irradiate                Conj/Tmut      11%        3d15      80%         5
 Freezing Cloud           Conj/Ice/Air   11%        6-21      86%         5
 Lee's Rapid Deconstruct  Erth           11%        3d8*      86%         5
 Flame Wave               Conj/Fire      11%        2d6       90%         4
 Sticky Flame             Conj/Fire      11%        2d3       90%         4
 Alistair's Intoxication  Tmut/Pois      13%        N/A       90%         5
 Animate Dead             Necr           8%         N/A       97%         4
 Dispel Undead            Necr           8%         3d8       97%         4
 Olgreb's Toxic Radiance  Pois           8%         N/A       97%         4
 Borgnjor's Vile Clutch   Necr/Erth      7%         N/A       98%         5
 Arcjolt                  Conj/Air       5%         1d15      99%         5
 Fireball                 Conj/Fire      5%         3d5       99%         5
 Lightning Bolt           Conj/Air       5%         1d17      99%         5
 Dispersal                Tloc           12%        N/A       99%         6
 Simulacrum               Ice/Necr       12%        N/A       99%         6
 Statue Form              Tmut/Erth      18%        N/A       99%         6
 Summon Cactus Giant      Summ           12%        N/A       99%         6
 Ozocubu's Refrigeration  Ice            21%        4d12      99%         7
 Agony                    Necr           8%         N/A       100%        5
 Death Channel            Necr           4%         N/A       100%        6
 Eringya's Noxious Bog    Tmut/Pois      10%        N/A       100%        6
 Iron Shot                Conj/Erth      9%         9d3       100%        6
 Starburst                Conj/Fire      5%         6d4       100%        6
 Dragon Form              Tmut           16%        N/A       100%        7
 Haunt                    Necr/Summ      8%         N/A       100%        7
 Orb of Destruction       Conj           7%         9d6       100%        7
 Spellforged Servitor     Conj/Summ      10%        N/A       100%        7
 Storm Form               Tmut/Air       10%        N/A       100%        7
 Summon Hydra             Summ           12%        N/A       100%        7
 Borgnjor's Revivificati  Necr           4%         N/A       100%        8
 Discord                  Hex            21%        N/A       100%        8
 Disjunction              Tloc           12%        N/A       100%        8
 Ignition                 Fire           4%         3d4       100%        8
 Infestation              Necr           4%         N/A       100%        8
 Lehudib's Crystal Spear  Conj/Erth      9%         10d4      100%        8
 Maxwell's Capacitive Co  Air            4%         ∞         100%        8
 Necromutation            Tmut/Necr      10%        N/A       100%        8
 Polar Vortex             Ice            21%        N/A       100%        9


Dungeon Overview and Level Annotations

Branches:
Dungeon (15/15)            Temple (1/1) D:5            Lair (5/5) D:9
  Swamp (4/4) Lair:3       Spider (4/4) Lair:2        Slime (0/5) Lair:4
    Orc (2/2) D:11            Elf (3/3) Orc:2        Vaults (5/5) D:14
  Crypt (0/3) Vaults:3     Depths (4/4) D:15            Zot (5/5) Depths:4
  IceCv (visited)         Gauntlet (visited)

Altars:
Ashenzari
Cheibriados
Dithmenos
Elyvilon
Fedhas
Gozag
Hepliaklqana
Kikubaaqudgha
Makhleb
Nemelex Xobeh
Okawaru
Qazlal
Ru
Sif Muna
Trog
Uskayaw
Vehumet
Wu Jian
Xom
Yredelemnul
Zin
The Shining One
Jiyva

Shops:
D:2 :   D:4 ((   D:6 [   Orc:1 :   Orc:2 [[([   Elf:3 *?   Depths:1 =
Depths:3 ((   Depths:4 =*

Portals:
Hell: Depths:1 Depths:2 Depths:3 Depths:4
Abyss: Depths:1 Depths:3
Pandemonium: Depths:1 Depths:2
Ziggurat: Depths:3

Annotations:
Zot:3 2 transporters


Innate Abilities, Weirdness & Mutations

You are small and have problems with some larger weapons.
You are completely attuned to the shadows.
You have sharp toenails.
You are dopey. (Int -2)


Message History

The Orb Guardian hits you!!
You puncture the Orb Guardian!
The Orb Guardian is severely wounded.
You block the Orb Guardian's attack.
You hit the Orb Guardian.
The Orb Guardian is severely wounded.
You hit the Orb Guardian.
The Orb Guardian is almost dead.
The Orb Guardian completely misses you.
You hit the Orb Guardian.
The Orb Guardian is almost dead.
You block the Orb Guardian's attack.
You puncture the Orb Guardian!
You kill the Orb Guardian!
The Council accepts your kill.
No target in view!
(D) Dungeon (T) Temple (L) Lair (S) Swamp (N) Spider Nest (M) Slime Pits (O) Orcish Mines (E) Elven Halls (V) Vaults (C) Crypt (U) Depths (H) Hell (Z) Zot
Where to? (Enter - D:1 @ (x,y), ? - help)
There is an open door here.
You see here a +0 dagger.
There is an open door here.
There is a stone staircase leading up here.
You fly upwards.
There is a stone staircase leading down here.
HP restored.
Magic restored.
There is a stone staircase leading up here.
You fly upwards.
There is a stone staircase leading down here.
There is a stone staircase leading up here.
You fly upwards.
There is a stone staircase leading down here.
There is a stone staircase leading up here.
You fly upwards.
There is a stone staircase leading down here.
There is a stone staircase leading up here.
You fly upwards.
There is a stone staircase leading down here.
There is a staircase leading out of the dungeon here.
You have escaped!

#...##.....†......†#...####...
#...##.#..########.#.....##...
###...##...........#.......##...
##.'....#...######..###.....##...
#..#>...#...######..# #.....####.
#.##.##.#.#........## #.....# #.
#.##.##.#.#.######.# ####### #.
#.##+##.#.#.#....#.# ####
#.#...#.#.#.#.#.@#.######## #...
#.#...#.#.#.#.####.##.....####...
#.....#.#.#.#......##..........#.
##....#...#.#########......##..#.
##.....##.#.........#.........##.
.......##...#######..............
....##..##..#######.#......######
......#.##...................# #
....#................#....##.# #


There were no monsters in sight!

Vanquished Creatures
  4 dread liches
  10 orbs of fire
  2 ancient liches (Vaults:5)
  Mennas (Vaults:4)
  Mara (Swamp:2)
  Bai Suzhen (Vaults:5)
  2 curse toes (Zot:3)
  Xtahua (Vaults:2)
  Saint Roka (Orc:2)
  7 Killer Klowns
  11 golden dragons
  A caustic shrike (Depths:2)
  Jory (Vaults:2)
  the Enchantress (Depths:1)
  A Brimstone Fiend (Zot:2)
  3 electric golems
  The ghost of Naurph the Champion of Chaos, an adept DjVM of Makhleb (Swamp:2)
  21 tentacled monstrosities
  A walking crystal tome (Depths:3)
  Jorgrun (Spider:3)
  26 Orb Guardians
  2 deep elf master archers (Elf:3)
  4 titans
  4 liches
  An Executioner (Zot:2)
  5 quicksilver dragons
  2 deep elf blademasters (Elf:3)
  A thorn hunter (Swamp:4)
  6 death cobs
  9 shadow dragons
  4 sphinxes
  13 tengu reavers
  6 draconian monks
  8 storm dragons
  An azure jelly (Swamp:4)
  A fenstrider witch (Swamp:3)
  9 fire giants
  10 draconian knights
  3 iron dragons
  10 frost giants
  6 emperor scorpions
  17 vault wardens
  5 deep elf sorcerers
  3 ghost moths
  9 draconian scorchers
  A balrug (Depths:4)
  4 deep elf elementalists (Elf:3)
  4 spriggan defenders
  12 draconian annihilators
  3 ironbound thunderhulks
  9 draconian shifters
  3 orc warlords
  20 very ugly things
  22 ironbound preservers
  5 war gargoyles
  6 broodmothers
  3 draconian stormcallers
  A quicksilver ooze (shapeshifter) (Depths:3)
  19 green draconians
  A vampire knight (Depths:2)
  20 stone giants
  7 deep elf demonologists
  14 black draconians
  5 spark wasps
  A lorocyproca (Zot:2)
  12 red draconians
  5 deep elf annihilators
  Azrael (D:12)
  16 purple draconians
  A minotaur (Gauntlet)
  An eleionoma (Swamp:1)
  5 white draconians
  5 dire elephants
  6 bunyips
  13 yellow draconians
  A blizzard demon (Depths:2)
  12 ettins
  Snorg (Lair:4)
  7 deep elf death magi
  A crystal guardian (Vaults:1)
  A shambling mangrove (Swamp:1)
  16 yaktaur captains
  4 fire dragons
  2 merfolk impalers (Depths:1)
  An entropy weaver (shapeshifter) (Vaults:4)
  5 deep elf high priests
  7 entropy weavers
  4 great orbs of eyes
  Josephine (D:15)
  3 peacekeepers
  9 ice dragons
  6 rakshasas
  37 vault guards
  14 hydras
  A hell beast (D:14)
  A jorogumo (Spider:4)
  Erica (Lair:2)
  5 spriggan air magi
  A ghost crab (Lair:3)
  10 centaur warriors
  2 catoblepae (Lair:5)
  16 ironbound frosthearts
  A radroach (Spider:2)
  3 ogre magi (Vaults:5)
  4 boulder beetles
  4 alligators
  31 dancing weapons
  11 death yaks
  8 two-headed ogres
  2 tengu warriors
  A thrashing horror (Gauntlet)
  7 deep troll shamans
  A vampire mage (Depths:1)
  5 deep troll earth magi
  6 spriggan berserkers
  10 hell knights
  Sonja (Orc:2)
  2 orc high priests
  A skyshark (shapeshifter) (Vaults:5)
  A sun demon (Zot:2)
  28 deep elf knights
  4 iron trolls
  2 goliath frogs (Swamp:4)
  A skyshark (Lair:4)
  6 pharaoh ants
  Lodul (D:13)
  A swamp dragon (shapeshifter) (D:15)
  4 glowing orange brains
  The ghost of Esekla the Covert, a novice OpDe of Gozag (D:7)
  4 bog bodies
  A spriggan druid (Swamp:2)
  44 deep trolls
  12 orb spiders
  12 ironbound convokers
  14 deep elf archers
  9 steelbarb worms
  7 wizards
  8 lindwurms
  5 swamp dragons
  27 deep elf zephyrmancers
  2 phantasmal warriors (Vaults:5)
  An obsidian statue (D:14)
  12 orc knights
  21 harpies
  33 deep elf pyromancers
  5 necromancers
  An orange crystal statue (Depths:1)
  An oklob plant (Gauntlet)
  9 orc sorcerers
  37 ugly things
  A sphinx skeleton (Vaults:4)
  5 will-o-the-wisps
  A manticore (shapeshifter) (Depths:4)
  A faun (shapeshifter) (Vaults:4)
  19 elephants
  3 cyclopes
  A moth of wrath (shapeshifter) (Depths:4)
  A manticore (D:13)
  6 black mambas
  24 wolf spiders
  A human skeleton (Vaults:2)
  26 moths of wrath
  An orange demon (D:13)
  2 rust devils
  Maurice (D:13)
  25 vault sentinels
  A demonic crawler (Spider:3)
  4 torpor snails
  The ghost of viagra the Poker, a novice MfFi of Cheibriados (D:7)
  3 smoke demons
  7 cane toads
  An elf skeleton (Vaults:4)
  2 gargoyles
  A yaktaur (shapeshifter) (Elf:2)
  3 rime drakes
  An efreet (D:13)
  Psyche (D:12)
  8 komodo dragons
  6 freezing wraiths
  50 yaktaurs
  4 ice devils
  A tormentor (Depths:1)
  2 kobold demonologists
  2 tengu conjurers
  2 burning bushes (Lair:1)
  12 polar bears
  14 trolls
  A bloated husk (Swamp:3)
  A merfolk (shapeshifter) (Vaults:5)
  A meliai (Spider:4)
  A hellwing (Depths:1)
  7 tyrant leeches
  15 hornets
  22 blink frogs
  36 tarantellas
  9 dream sheep (Lair:5)
  A stone giant simulacrum (Vaults:2)
  2 shadows
  3 air elementals (Elf:3)
  21 jumping spiders
  73 slime creatures
  24 culicivoras
  10 water elementals
  18 spriggans
  2 ynoxinuls (Depths:1)
  5 wyverns
  2 vampires (D:11)
  5 wraiths
  2 chaos spawn
  59 yaks
  4 fire elementals
  8 humans (Zot:4)
  3 basilisks
  3 small abominations
  2 steam dragons
  5 swamp worm simulacra (Swamp:4)
  43 redbacks
  17 vampire mosquitoes
  3 wargs
  3 hell hounds
  15 water moccasins
  Menkaure (D:4)
  13 swamp worms
  3 acid dragons
  12 hydra simulacra (Swamp:4)
  A sky beast (D:6)
  29 orc warriors
  5 black bears
  2 boggarts
  75 wolves
  14 ogres
  5 centaurs
  2 phantoms
  A kobold brigand (D:10)
  Blork the orc (D:4)
  13 bullfrogs
  A gnoll sergeant (D:9)
  A scorpion (D:6)
  An ogre simulacrum (Vaults:4)
  10 killer bees
  2 troll zombies (D:11)
  7 electric eels
  2 howler monkeys (D:9)
  3 hounds
  A human simulacrum (Vaults:2)
  3 jellies
  Crazy Yiuf (D:4)
  A sleepcap (D:8)
  19 orc priests
  4 iguanas
  Natasha (thrice) (D:3)
  36 orc wizards
  12 hell rats
  6 ogre zombies (D:11)
  10 gnolls
  6 adders
  A shadow imp (D:7)
  3 white imps
  An ufetubus (D:6)
  3 swamp drake simulacra (Swamp:4)
  2 worms (D:2)
  3 dart slugs
  87 orcs
  7 bats
  7 endoplasms
  10 giant cockroaches
  10 goblins
  5 hobgoblins
  9 jackals
  5 quokkas
  3 training dummies (D:4)
  7 ball pythons
  9 frilled lizards
  A goblin zombie (D:11)
  A hobgoblin skeleton (D:11)
  2 hobgoblin zombies (D:11)
  12 kobolds
  An orc skeleton (D:11)
  20 orc zombies (D:11)
  4 rats
2232 creatures vanquished.

Vanquished Creatures (collateral kills)
  Zenata (Vaults:1)
  3 sphinxes
  A storm dragon (Depths:2)
  An ironbound preserver (Vaults:5)
  A vampire knight (Depths:2)
  A bunyip (Swamp:2)
  An ettin (Vaults:5)
  2 hydras (Swamp:2)
  A vault guard (Vaults:5)
  A spriggan berserker (Swamp:2)
  A vault sentinel (Vaults:1)
  4 hornets (Swamp:2)
  4 spriggans (Swamp:2)
  2 vampire mosquitoes (Swamp:2)
  A gnoll (D:9)
  An adder (D:2)
  An orc (Orc:2)
27 creatures vanquished.

Vanquished Creatures (others)
  A red draconian (Zot:1)
  A purple draconian (Zot:4)
  A shambling mangrove (Swamp:4)
  2 deep elf knights (Elf:3)
  4 deep elf pyromancers
  3 bloated husks
  A tyrant leech (Lair:3)
  3 hornets (Swamp:4)
  A spriggan (Swamp:4)
  A water elemental (D:14)
  A swamp worm (Swamp:2)
  5 dancing weapons
  2 bushes (Lair:1)
  20 foxfires
  79 fungi
  130 plants
255 creatures vanquished.

Grand Total: 2514 creatures vanquished

Notes
Turn   | Place    | Note
-------+----------+-------------------------------------------
     0 | D:1      | loopz the Kobold Enchanter began the quest for the Orb.
     0 | D:1      | Reached XP level 1. HP: 10/10 MP: 3/3
   124 | D:1      | Reached skill level 1 in Fighting
   137 | D:1      | Reached XP level 2. HP: 17/17 MP: 5/5
   160 | D:1      | Reached skill level 2 in Fighting
   163 | D:1      | Learned a level 2 spell: Ensorcelled Hibernation
   489 | D:1      | Reached XP level 3. HP: 21/21 MP: 6/6
   663 | D:1      | Reached skill level 1 in Ice Magic
  1817 | D:2      | Learned a level 3 spell: Tukima's Dance
  1916 | D:2      | Reached XP level 4. HP: 26/26 MP: 1/7
  2888 | D:2      | Found Umulut Bool's Book Boutique.
  2964 | D:2      | Reached XP level 5. HP: 30/30 MP: 8/8
  3426 | D:3      | Learned a level 3 spell: Confusing Touch
  3556 | D:3      | Noticed Natasha
  4608 | D:3      | Killed Natasha
  4609 | D:3      | Reached skill level 5 in Hexes
  6178 | D:3      | Noticed Natasha
  6187 | D:3      | Killed Natasha
  6188 | D:3      | Reached XP level 6. HP: 26/35 MP: 6/10
  6532 | D:3      | Noticed Natasha
  6536 | D:3      | Killed Natasha
  6689 | D:4      | Found a runed translucent door.
  6692 | D:4      | Noticed Crazy Yiuf
  6697 | D:4      | Killed Crazy Yiuf
  6735 | D:4      | Found Kiaf's Firing Range.
  6935 | D:4      | Found Giahol's Weapon Shoppe.
  7021 | D:4      | Found a broken altar of Ashenzari.
  7027 | D:4      | Noticed Blork the orc
  7227 | D:4      | Found a bloodstained altar of Trog.
  7228 | D:4      | Noticed Menkaure
  7491 | D:4      | Learned a level 3 spell: Dazzling Flash
  7595 | D:3      | Reached XP level 7. HP: 40/40 MP: 11/11
  7637 | D:3      | Reached skill level 5 in Dodging
  7753 | D:5      | Entered Level 5 of the Dungeon
  7759 | D:5      | Found a staircase to the Ecumenical Temple.
  7766 | D:5      | Reached skill level 1 in Conjurations
  7768 | Temple   | Entered the Ecumenical Temple
  8343 | D:5      | Reached skill level 5 in Stealth
  9232 | D:6      | Noticed a steam dragon
  9235 | D:6      | Killed a steam dragon
  9236 | D:6      | Reached XP level 8. HP: 45/45 MP: 12/12
  9353 | D:6      | Reached skill level 3 in Fighting
  9435 | D:6      | Reached skill level 4 in Fighting
  9494 | D:6      | Found Olyppoz's Antique Armour Shoppe.
  9509 | D:6      | Reached skill level 5 in Fighting
  9793 | D:6      | Bought a glowing leather armour for 170 gold pieces
 10512 | D:6      | Found Olyppoz's Antique Armour Shoppe.
 11751 | D:7      | Reached XP level 9. HP: 49/54 MP: 1/13
 12050 | D:7      | Identified the +4 rapier of Cheibriados's Envy {heavy,
                  | *Noise rElec rF++ Dex+3}
 12270 | D:7      | Identified the +5 ring mail of Awe {Dex+3}
 12469 | D:7      | Found a runed translucent gate.
 12469 | D:7      | Found a runed translucent gate.
 12469 | D:7      | Found a runed translucent gate.
 12568 | D:7      | Found a snail-covered altar of Cheibriados.
 12574 | D:7      | Found a shadowy altar of Dithmenos.
 12915 | D:7      | Found a stormy altar of Qazlal.
 12916 | D:7      | Found an ornate altar of the Wu Jian Council.
 12918 | D:7      | Found a shimmering blue altar of Sif Muna.
 12922 | D:7      | Became a worshipper of the Wu Jian Council
 13299 | D:8      | Reached skill level 10 in Stealth
 13436 | D:8      | Noticed a two-headed ogre
 13776 | D:8      | Reached skill level 5 in Evocations
 13967 | D:8      | Reached skill level 5 in Short Blades
 14826 | D:8      | Killed a two-headed ogre
 14827 | D:8      | Reached XP level 10. HP: 59/59 MP: 9/14
 15160 | D:9      | Found a staircase to the Lair.
 15173 | D:9      | Reached skill level 10 in Short Blades
 15539 | D:9      | Reached * piety under Wu Jian
 15762 | D:9      | Noticed a kobold demonologist
 15769 | D:9      | Noticed a two-headed ogre
 15769 | D:9      | Killed a kobold demonologist
 15943 | D:9      | Noticed a komodo dragon
 15959 | D:9      | Killed a komodo dragon
 16055 | D:9      | Killed a two-headed ogre
 16343 | D:9      | You fall into a shaft and drop 2 floors!
 16422 | D:11     | Reached XP level 11. HP: 39/63 MP: 6/15
 16510 | D:10     | Entered Level 10 of the Dungeon
 16510 | D:10     | Found a portal to a secret trove of treasure.
 16728 | D:10     | Noticed a two-headed ogre
 16731 | D:10     | Killed a two-headed ogre
 18023 | D:4      | Killed Menkaure
 18084 | D:4      | Killed Blork the orc
 18278 | D:4      | Reached ** piety under Wu Jian
 18408 | D:11     | Noticed a two-headed ogre
 18413 | D:11     | Killed a two-headed ogre
 18414 | D:11     | Reached skill level 10 in Dodging
 18556 | D:11     | Found a staircase to the Orcish Mines.
 19139 | D:11     | Reached *** piety under Wu Jian
 19499 | D:11     | Found an ornate altar of the Wu Jian Council.
 19570 | D:11     | Reached XP level 12. HP: 68/68 MP: 10/16
 19967 | D:7      | Noticed Esekla's ghost (novice OpDe)
 19967 | D:7      | Noticed viagra's ghost (novice MfFi)
 19970 | D:7      | Killed viagra's ghost
 19989 | D:7      | Killed Esekla's ghost
 20090 | Lair:1   | Entered Level 1 of the Lair of Beasts
 20239 | Lair:1   | Learned a level 3 spell: Frozen Ramparts
 20243 | Lair:1   | Learned a level 3 spell: Ozocubu's Armour
 20407 | Lair:1   | Identified a scroll of acquirement
 20407 | Lair:1   | Acquired the +2 pair of slick slippers {slick, slippery,
                  | EV+5}
 20407 | Lair:1   | Found the +2 pair of slick slippers {slick, slippery, EV+5}
 20967 | Lair:1   | Reached skill level 10 in Hexes
 21051 | Lair:1   | You fall into a shaft and drop 1 floor!
 21051 | Lair:2   | Noticed Erica
 21053 | Lair:2   | Killed Erica
 21106 | Lair:2   | Reached skill level 5 in Ice Magic
 21117 | Lair:2   | Noticed a four-headed hydra
 21130 | Lair:2   | Killed a four-headed hydra
 21131 | Lair:2   | Reached skill level 6 in Fighting
 21302 | Lair:1   | Reached skill level 7 in Fighting
 21336 | Lair:1   | Reached skill level 8 in Fighting
 21341 | Lair:1   | Reached XP level 13. HP: 61/79 MP: 1/17
 21531 | Lair:1   | Found a basalt altar of Yredelemnul.
 21716 | Lair:1   | Reached skill level 9 in Fighting
 22457 | Lair:2   | Reached **** piety under Wu Jian
 22459 | Lair:2   | Reached skill level 10 in Fighting
 22951 | Lair:2   | Found a hole to the Spider Nest.
 23873 | Lair:3   | Found a staircase to the Swamp.
 23964 | Lair:3   | Reached ***** piety under Wu Jian
 24380 | Lair:4   | Noticed Snorg
 24487 | Lair:4   | Found a viscous altar of Jiyva.
 24487 | Lair:4   | Found a staircase to the Slime Pits.
 24497 | Lair:4   | Reached skill level 15 in Stealth
 24671 | Lair:4   | Killed Snorg
 24875 | Lair:4   | Reached skill level 1 in Armour
 24903 | Lair:4   | Reached XP level 14. HP: 78/88 MP: 13/21
 24941 | Lair:3   | Reached skill level 5 in Spellcasting
 25671 | Lair:5   | Entered Level 5 of the Lair of Beasts
 25718 | Lair:5   | Reached skill level 5 in Armour
 26540 | Lair:5   | Reached skill level 10 in Evocations
 26648 | Lair:5   | Learned a level 5 spell: Metabolic Englaciation
 27761 | Lair:5   | Reached XP level 15. HP: 88/92 MP: 22/22
 28673 | D:12     | Noticed Psyche
 28678 | D:12     | Killed Psyche
 28827 | D:12     | Noticed Azrael
 28851 | D:12     | Killed Azrael
 29785 | D:13     | Noticed Maurice
 29787 | D:13     | Reached ****** piety under Wu Jian
 29788 | D:13     | Reached skill level 10 in Ice Magic
 29789 | D:13     | Killed Maurice
 29914 | D:13     | Noticed Lodul
 29929 | D:13     | Killed Lodul
 30910 | D:13     | Reached skill level 1 in Shields
 31082 | Orc:1    | Entered Level 1 of the Orcish Mines
 31234 | Orc:1    | Found a frozen archway.
 31274 | IceCv    | Entered an ice cave
 31877 | IceCv    | Reached skill level 5 in Shields
 31908 | IceCv    | Reached XP level 16. HP: 76/97 MP: 23/27
 31981 | IceCv    | Found the +6 arbalest "Damnation" {damnation}
 32519 | Orc:1    | Reached skill level 1 in Ranged Weapons
 32965 | Orc:2    | Entered Level 2 of the Orcish Mines
 32978 | Orc:2    | Noticed Sonja
 32985 | Orc:2    | Killed Sonja
 33538 | Orc:2    | Found a staircase to the Elven Halls.
 33570 | Orc:1    | Found Kops's Vocational Training.
 33589 | Orc:1    | Bought a manual of Evocations for 880 gold pieces
 33992 | Orc:2    | Found Muridarch's Antique Armour Shoppe.
 34393 | Orc:2    | Noticed Saint Roka
 34427 | Orc:2    | Killed Saint Roka
 34457 | Orc:2    | Found Godouth's Antique Weapon Shoppe.
 34457 | Orc:2    | Found Voaril's Antique Armour Emporium.
 34555 | Orc:2    | Found Forghoos's Antique Armour Emporium.
 34823 | D:14     | Found a gate leading to a gauntlet.
 34854 | D:14     | Found a gate to the Vaults.
 34885 | Gauntlet | Entered a Gauntlet
 34892 | Gauntlet | Found a transporter.
 34915 | Gauntlet | Found a transporter.
 34915 | Gauntlet | Found a transporter.
 34930 | Gauntlet | Found a transporter.
 34930 | Gauntlet | Found a transporter.
 34944 | Gauntlet | Found a transporter.
 34945 | Gauntlet | Found the +8 longbow "Zephyr" {speed, Dex+3 SInv}
 34968 | Gauntlet | Found a runed translucent door.
 34989 | Gauntlet | Found a transporter.
 35008 | Gauntlet | Found a runed translucent door.
 35029 | Gauntlet | Found a transporter.
 35546 | Gauntlet | Identified the +11 falchion "Uricva" {spect, rPois rF++
                  | rCorr}
 35559 | Gauntlet | Found the +4 consecrated labrys {holy, Valiant Fragile Fly
                  | SInv}
 35899 | D:14     | Reached skill level 15 in Evocations
 36449 | D:14     | Found an opulent altar of Gozag.
 36623 | D:15     | Entered Level 15 of the Dungeon
 37350 | D:15     | Noticed Josephine
 37353 | D:15     | Killed Josephine
 37468 | D:15     | Reached XP level 17. HP: 102/102 MP: 29/29
 37751 | D:15     | Found a staircase to the Depths.
 38053 | D:15     | Reached XP level 18. HP: 107/107 MP: 27/30
 38534 | Spider:1 | Entered Level 1 of the Spider Nest
 38540 | Spider:1 | Learned a level 4 spell: Cause Fear
 38545 | Spider:1 | Learned a level 4 spell: Summon Ice Beast
 38586 | Spider:1 | Reached skill level 1 in Summonings
 38939 | Swamp:1  | Entered Level 1 of the Swamp
 39450 | Lair:3   | Found a staircase to the Swamp.
 40252 | Swamp:1  | Reached skill level 5 in Summonings
 40286 | Swamp:1  | Reached skill level 1 in Long Blades
 40652 | Orc:2    | Bought the +5 Storm Queen's Shield {shock, Fly rElec} for
                  | 1596 gold pieces
 40652 | Orc:2    | Found the +5 Storm Queen's Shield {shock, Fly rElec}
 41220 | Swamp:2  | Found a runed translucent gate.
 41221 | Swamp:2  | Found a runed translucent gate.
 41221 | Swamp:2  | Noticed Naurph's ghost (adept DjVM)
 41222 | Swamp:2  | Found a runed translucent gate.
 41533 | Swamp:2  | Identified the +5 rapier of Mordant Tender Mercy {heavy,
                  | Contam rC+ rN+ Dex+2}
 42064 | Swamp:3  | Noticed Mara
 42558 | Spider:1 | Acquired 1113 gold pieces
 43744 | Spider:3 | Reached skill level 15 in Dodging
 44151 | Spider:3 | Reached XP level 19. HP: 112/112 MP: 31/31
 44289 | Spider:3 | Noticed Jorgrun
 44292 | Spider:3 | Killed Jorgrun
 44663 | Orc:2    | Bought the +3 crown of Dyrovepreva {rElec Int+2 SInv} for
                  | 1449 gold pieces
 44663 | Orc:2    | Found the +3 crown of Dyrovepreva {rElec Int+2 SInv}
 44853 | Spider:4 | Entered Level 4 of the Spider Nest
 45206 | Spider:4 | Reached skill level 11 in Fighting
 45398 | Spider:4 | Reached skill level 12 in Fighting
 45811 | Spider:4 | Reached skill level 13 in Fighting
 45928 | Spider:4 | Got a gossamer rune of Zot
 46546 | Swamp:2  | Killed Mara
 46678 | Swamp:3  | Reached skill level 14 in Fighting
 47010 | Swamp:4  | Entered Level 4 of the Swamp
 47252 | Swamp:4  | Reached XP level 20. HP: 119/128 MP: 27/32
 47438 | Swamp:4  | Reached skill level 15 in Fighting
 48681 | Swamp:4  | Got a decaying rune of Zot
 48887 | Swamp:2  | Killed Naurph's ghost
 49063 | Swamp:2  | Identified the +4 lajatang of the Lusting Eel {freeze,
                  | Int+2 SInv}
 49318 | Elf:1    | Entered Level 1 of the Elven Halls
 49655 | Elf:1    | Reached skill level 10 in Shields
 50783 | Elf:2    | Noticed an Ice Fiend
 50788 | Elf:2    | Noticed an Ice Fiend
 52609 | Elf:2    | Found a runed translucent gate.
 52609 | Elf:2    | Found a runed translucent gate.
 52609 | Elf:2    | Found a runed translucent gate.
 52670 | Elf:2    | Reached XP level 21. HP: 103/134 MP: 33/33
 53482 | Vaults:1 | Entered Level 1 of the Vaults
 53882 | Vaults:1 | Noticed Zenata
 53896 | Vaults:1 | Killed Zenata
 54891 | Vaults:1 | Reached skill level 15 in Short Blades
 56057 | Orc:2    | Bought a brightly glowing ring mail for 252 gold pieces
 56057 | Orc:2    | Identified the +7 ring mail "Corole" {Regen+ Str+4} (You
                  | bought it in a shop on level 2 of the Orcish Mines)
 56417 | Orc:2    | Bought a dyed leather armour for 140 gold pieces
 56417 | Orc:2    | Bought a dyed leather armour for 140 gold pieces
 56585 | Vaults:2 | Noticed Xtahua
 56586 | Vaults:2 | Killed Xtahua
 56754 | Vaults:2 | Noticed Jory
 56757 | Vaults:2 | Killed Jory
 56774 | Vaults:2 | Reached XP level 22. HP: 140/140 MP: 34/34
 57840 | Vaults:2 | Got the Tractate on the Hyperbolic Tundra
 58544 | Vaults:3 | Found a staircase to the Crypt.
 58544 | Vaults:3 | Found a basalt altar of Yredelemnul.
 58544 | Vaults:3 | Found an ancient bone altar of Kikubaaqudgha.
 60236 | Vaults:3 | You are sucked into a shaft and drop 1 floor!
 60442 | Vaults:4 | Reached XP level 23. HP: 98/144 MP: 35/35
 61674 | Vaults:3 | Found a staircase to the Crypt.
 61674 | Vaults:3 | Found a basalt altar of Yredelemnul.
 61674 | Vaults:3 | Found an ancient bone altar of Kikubaaqudgha.
 62847 | Vaults:4 | Identified the +5 tower shield of the Hurricane {Harm *Slow
                  | Str+7 Int-3}
 62847 | Vaults:4 | Noticed Mennas
 62850 | Vaults:4 | Killed Mennas
 64473 | Elf:3    | Entered Level 3 of the Elven Halls
 64533 | Elf:3    | Found Lolof's Magic Scroll Emporium.
 64856 | Elf:3    | Found Dedoso's CLEARANCE SALE!.
 64861 | Elf:3    | Bought a potion of mutation for 32 gold pieces
 65133 | Elf:3    | Paralysed by an air elemental for 1 turns
 65232 | Elf:3    | Identified the +6 halberd of Destiny {heavy, Dex+2}
 65232 | Elf:3    | Identified the ring "Aveys" {rElec rN+ Str+6 Int+3 Dex-5}
 65265 | Elf:3    | Reached XP level 24. HP: 122/150 MP: 35/35
 65460 | Elf:3    | Got the Quarto of the Undead
 65476 | Elf:3    | Identified the +7 quick blade of Defilement {pain, Dex+3}
 65492 | Elf:3    | Identified the +1 executioner's axe "Kukhly" {elec, rN++
                  | Will+}
 65720 | Elf:3    | Bought a scroll of summoning for 123 gold pieces
 65720 | Elf:3    | Bought a scroll of enchant armour for 97 gold pieces
 66129 | D:2      | Bought a book of the Senses for 416 gold pieces
 66133 | D:2      | Learned a level 3 spell: Portal Projectile
 66427 | Depths:1 | Entered Level 1 of the Depths
 66565 | Depths:1 | Noticed the Enchantress
 66572 | Depths:1 | Killed the Enchantress
 66575 | Depths:1 | Reached skill level 15 in Shields
 67646 | Depths:1 | Found a one-way gate to the infinite horrors of the Abyss.
 67710 | Depths:1 | Found a one-way gate leading to the halls of Pandemonium.
 67868 | Depths:1 | Found Xenif's Jewellery Shop.
 68079 | Depths:1 | Reached skill level 16 in Fighting
 68270 | Depths:1 | Found a gateway to Hell.
 68689 | Depths:2 | Identified the +6 ring mail of Resourcefulness {Rampage rF+
                  | rCorr Int-4}
 68755 | Depths:2 | Reached skill level 17 in Fighting
 69141 | Depths:2 | Noticed a caustic shrike
 69143 | Depths:2 | Noticed a golden dragon
 69147 | Depths:2 | Killed a caustic shrike
 69159 | Depths:2 | Killed a golden dragon
 69559 | Depths:2 | Acquired the ring of the Original Sin {rC+ Will+ rCorr
                  | MP+9}
 69912 | Depths:2 | Found a snail-covered altar of Cheibriados.
 69916 | Depths:2 | Reached skill level 18 in Fighting
 70267 | Depths:1 | Bought a ring of protection from fire for 500 gold pieces
 70671 | Depths:3 | Found a shimmering blue altar of Sif Muna.
 70694 | Depths:3 | Got Sif Muna's Vademecum on Lightning
 70709 | Depths:3 | Found Joclo's Antique Weapon Emporium.
 70804 | Depths:3 | Found Jononet's Antique Weapon Shoppe.
 70861 | Depths:3 | Reached skill level 19 in Fighting
 70861 | Depths:3 | Reached XP level 25. HP: 165/165 MP: 35/35
 71222 | Depths:3 | Found a one-way gateway to a ziggurat.
 71351 | Depths:3 | Found a broken altar of Ashenzari.
 71493 | Depths:3 | Bought a runed rapier for 350 gold pieces
 71493 | Depths:3 | Bought a runed rapier for 350 gold pieces
 71686 | Depths:3 | Reached skill level 20 in Fighting
 72287 | Depths:4 | Entered Level 4 of the Depths
 72388 | Depths:4 | Reached skill level 5 in Ranged Weapons
 73241 | Depths:4 | Found a gate to the Realm of Zot.
 73420 | Depths:4 | Identified the +7 mace "Ydeon" {drain, Str+2 SInv}
 73624 | Depths:4 | Found Myaric's Jewellery Shop.
 73629 | Depths:4 | Found Vynece's Assorted Antiques.
 73633 | Depths:4 | Bought a potion of lignification for 120 gold pieces
 74158 | Vaults:5 | Entered Level 5 of the Vaults
 74312 | Vaults:5 | Reached skill level 10 in Armour
 74383 | Vaults:5 | Reached skill level 10 in Ranged Weapons
 74789 | Vaults:5 | Reached XP level 26. HP: 174/174 MP: 35/35
 74790 | Vaults:5 | Noticed Bai Suzhen
 74858 | Vaults:5 | Noticed a dread lich
 74875 | Vaults:5 | Killed a dread lich
 75018 | Vaults:5 | Identified the +6 lajatang of Plague {heavy, rF+ rC+ Str+2}
 75072 | Vaults:5 | Identified the +9 halberd "Vupick" {freeze, Stlth+}
 75302 | Vaults:5 | Noticed an ancient lich
 75313 | Vaults:5 | Killed an ancient lich
 76180 | Vaults:5 | Identified the +3 flail "Facwaor" {heavy, Drain rPois rF+
                  | Stlth+}
 76558 | Depths:4 | Bought a ring of poison resistance for 400 gold pieces
 77270 | Vaults:5 | Identified the +1 scale mail "Haapizoh" {rN+ Dex+3}
 77296 | Vaults:5 | Noticed an ancient lich
 77313 | Vaults:5 | Killed an ancient lich
 77564 | Vaults:5 | Got a silver rune of Zot
 77569 | Vaults:5 | Identified the +6 demon trident "Sarcophage" {vamp, rN+
                  | Int+3 SInv}
 77569 | Vaults:5 | Identified the +6 sling "Dufoitix" {heavy, Int+2}
 77569 | Vaults:5 | Identified the ring "Focinkash" {Fly rPois Dex+2}
 77717 | Vaults:5 | Reached skill level 1 in Translocations
 77810 | Vaults:5 | Identified the +1 hand axe of Perversion {venom, +Blink
                  | rC+}
 77985 | Vaults:5 | Killed Bai Suzhen
 78005 | Vaults:5 | Reached skill level 5 in Translocations
 78128 | Vaults:5 | Learned a level 2 spell: Blink
 78469 | D:10     | You paid a toll of +4 ice dragon scales to enter a treasure
                  | trove
 78470 | Trove    | Entered a treasure trove
 78477 | Trove    | Identified the ring of Salvation {EV+5 SInv}
 78481 | Trove    | Identified the amulet "Buinn" {Spirit rN+ rCorr Int-5}
 78489 | Trove    | Identified the ring "Xiururr" {rPois rC+ AC+4}
 78491 | Trove    | Identified the +6 fire dragon scales of Subjectivity {rF++
                  | rC- Dex+3}
 78976 | Zot:1    | Entered Level 1 of the Realm of Zot
 78976 | Zot:1    | You are sucked into a shaft and drop 1 floor!
 79036 | Zot:1    | Reached XP level 27. HP: 170/179 MP: 35/35
 79192 | Zot:1    | Reached skill level 10 in Spellcasting
 80219 | Zot:2    | Identified the +1 robe "Jehuaj" {Int+3}
 81672 | Zot:3    | Learned a level 2 spell: Passwall
 81734 | Zot:3    | Reached skill level 1 in Transmutations
 81734 | Zot:3    | Reached skill level 1 in Earth Magic
 82009 | Zot:3    | Noticed an orb of fire
 82010 | Zot:3    | Gained mutation: You are frail. (-10% HP) [an orb of fire]
 82019 | Zot:3    | Gained mutation: You sometimes lose your temper in combat.
                  | [an orb of fire]
 82250 | Zot:2    | Lost mutation: You sometimes lose your temper in combat.
                  | [potion of mutation]
 82250 | Zot:2    | Lost mutation: You are frail. (-10% HP) [potion of
                  | mutation]
 82250 | Zot:2    | Gained mutation: Your mind is acute. (Int +4, Str/Dex -1)
                  | [potion of mutation]
 82250 | Zot:2    | Gained mutation: You expend magic power (3 MP) to
                  | strengthen your wands. [potion of mutation]
 82308 | Zot:3    | Gained mutation: You are vulnerable to cold. (rC-) [an orb
                  | of fire]
 82329 | Zot:3    | Killed an orb of fire
 82501 | Zot:3    | Reached skill level 5 in Transmutations
 82524 | Zot:3    | Found a transporter.
 82525 | Zot:3    | Identified the +1 cloak of Utu Gaog {Int+6 Dex+3 Slay+3}
 82557 | Zot:3    | Found a transporter.
 82580 | Zot:3    | Identified the +1 cloak of Qoan {rF+ rN+}
 82616 | Zot:3    | Identified the amulet of Fuper {Spirit Str+3}
 84090 | Zot:4    | Noticed a Killer Klown
 84093 | Zot:4    | Killed a Killer Klown
 84095 | Zot:4    | Noticed a Killer Klown
 84121 | Zot:4    | Noticed a Killer Klown
 84144 | Zot:4    | Killed a Killer Klown
 84149 | Zot:4    | Killed a Killer Klown
 84297 | Zot:4    | Reached skill level 21 in Fighting
 85577 | Zot:4    | Reached skill level 22 in Fighting
 86885 | Zot:5    | Entered Level 5 of the Realm of Zot
 86973 | Zot:5    | Noticed an orb of fire
 87015 | Zot:5    | Killed an orb of fire
 87935 | Zot:5    | Noticed a Killer Klown
 87995 | Zot:5    | Killed a Killer Klown
 88224 | Zot:5    | Noticed an orb of fire
 88237 | Zot:5    | Gained mutation: You have a pair of small antennae on your
                  | head. [an orb of fire]
 88243 | Zot:5    | Gained mutation: Your body sometimes deteriorates upon
                  | taking damage. [an orb of fire]
 88256 | Zot:5    | Gained mutation: Your body often deteriorates upon taking
                  | damage. [an orb of fire]
 88257 | Zot:5    | Killed an orb of fire
 88258 | Zot:5    | Reached skill level 23 in Fighting
 88291 | Zot:5    | Noticed a dread lich
 88674 | Zot:5    | Noticed an orb of fire
 88793 | Zot:5    | Gained mutation: You occasionally lose the ability to drink
                  | potions when taking damage. [an orb of fire]
 88805 | Zot:5    | Killed an orb of fire
 88807 | Zot:5    | Lost mutation: Your body often deteriorates upon taking
                  | damage. [potion of mutation]
 88807 | Zot:5    | Lost mutation: Your mind is acute. (Int +4, Str/Dex -1)
                  | [potion of mutation]
 88807 | Zot:5    | Lost mutation: You have a pair of small antennae on your
                  | head. [potion of mutation]
 88807 | Zot:5    | Gained mutation: Your spells are a little easier to cast,
                  | but a little less powerful. [potion of mutation]
 88807 | Zot:5    | Gained mutation: Your body often deteriorates upon taking
                  | damage. [potion of mutation]
 88808 | Zot:5    | Lost mutation: You expend magic power (3 MP) to strengthen
                  | your wands. [potion of mutation]
 88808 | Zot:5    | Lost mutation: You are vulnerable to cold. (rC-) [potion of
                  | mutation]
 88808 | Zot:5    | Lost mutation: You occasionally lose the ability to drink
                  | potions when taking damage. [potion of mutation]
 88808 | Zot:5    | Gained mutation: You are weak. (Str -2) [potion of
                  | mutation]
 88808 | Zot:5    | Lost mutation: Your body often deteriorates upon taking
                  | damage. [potion of mutation]
 88808 | Zot:5    | Lost mutation: You are weak. (Str -2) [potion of mutation]
 89244 | Zot:5    | Noticed a Killer Klown
 89264 | Zot:5    | Noticed an orb of fire
 89273 | Zot:5    | Noticed a dread lich
 89275 | Zot:5    | Noticed an orb of fire
 89276 | Zot:5    | Noticed a dread lich
 89277 | Zot:5    | Noticed an orb of fire
 89277 | Zot:5    | Noticed a Killer Klown
 89277 | Zot:5    | Noticed an orb of fire
 89279 | Zot:5    | Noticed an orb of fire
 89282 | Zot:5    | Gained mutation: Your spells are easier to cast, but less
                  | powerful. [an orb of fire]
 89285 | Zot:5    | Gained mutation: You are frail. (-10% HP) [an orb of fire]
 89289 | Zot:5    | Gained mutation: You are weak. (Str -2) [an orb of fire]
 89290 | Zot:5    | Noticed an orb of fire
 89297 | Zot:5    | Killed an orb of fire
 89302 | Zot:5    | Noticed a Killer Klown
 89302 | Zot:5    | Gained mutation: Your magical capacity is low. (-10% MP)
                  | [an orb of fire]
 89302 | Zot:5    | Gained mutation: You are vulnerable to heat. (rF-) [an orb
                  | of fire]
 89308 | Zot:5    | Killed a Killer Klown
 89308 | Zot:5    | Gained mutation: You are very frail. (-20% HP) [an orb of
                  | fire]
 89310 | Zot:5    | Gained mutation: You are clumsy. (Dex -2) [an orb of fire]
 89312 | Zot:5    | Killed an orb of fire
 89316 | Zot:5    | Killed an orb of fire
 89318 | Zot:5    | Killed a dread lich
 89319 | Zot:5    | Reached skill level 24 in Fighting
 89319 | Zot:5    | Gained mutation: You are dopey. (Int -2) [an orb of fire]
 89325 | Zot:5    | Killed an orb of fire
 89326 | Zot:5    | Killed a dread lich
 89329 | Zot:5    | Killed a Killer Klown
 89333 | Zot:5    | Gained mutation: Your magical capacity is very low. (-20%
                  | MP) [an orb of fire]
 89335 | Zot:5    | Killed an orb of fire
 89338 | Zot:5    | Killed a dread lich
 89339 | Zot:5    | Killed a Killer Klown
 89430 | Zot:4    | Lost mutation: You are clumsy. (Dex -2) [potion of
                  | mutation]
 89430 | Zot:4    | Lost mutation: Your spells are easier to cast, but less
                  | powerful. [potion of mutation]
 89430 | Zot:4    | Lost mutation: You are weak. (Str -2) [potion of mutation]
 89430 | Zot:4    | Lost mutation: You are very frail. (-20% HP) [potion of
                  | mutation]
 89430 | Zot:4    | Gained mutation: You have a pair of small horns on your
                  | head. [potion of mutation]
 89431 | Zot:4    | Lost mutation: You are vulnerable to heat. (rF-) [potion of
                  | mutation]
 89431 | Zot:4    | Lost mutation: You are frail. (-10% HP) [potion of
                  | mutation]
 89431 | Zot:4    | Lost mutation: You are dopey. (Int -2) [potion of mutation]
 89431 | Zot:4    | Lost mutation: Your magical capacity is very low. (-20% MP)
                  | [potion of mutation]
 89900 | Zot:5    | Gained mutation: You occasionally lose the ability to drink
                  | potions when taking damage. [an orb of fire]
 89905 | Zot:5    | Gained mutation: You are weak. (Str -2) [an orb of fire]
 89909 | Zot:5    | Killed an orb of fire
 90131 | Zot:5    | Reached skill level 25 in Fighting
 90720 | Zot:5    | Lost mutation: Your magical capacity is low. (-10% MP)
                  | [potion of mutation]
 90720 | Zot:5    | Lost mutation: Your body sometimes deteriorates upon taking
                  | damage. [potion of mutation]
 90720 | Zot:5    | Gained mutation: You possess an exceptional clarity of
                  | mind. [potion of mutation]
 90721 | Zot:5    | Lost mutation: You have a pair of small horns on your head.
                  | [potion of mutation]
 90721 | Zot:5    | Lost mutation: You possess an exceptional clarity of mind.
                  | [potion of mutation]
 90721 | Zot:5    | Gained mutation: You have hidden genetic defects. [potion
                  | of mutation]
 90721 | Zot:5    | Gained mutation: You sometimes lose your temper in combat.
                  | [potion of mutation]
 90721 | Zot:5    | Gained mutation: Potions are less effective at restoring
                  | your health. [potion of mutation]
 90721 | Zot:5    | Gained mutation: Your mind is acute. (Int +4, Str/Dex -1)
                  | [potion of mutation]
 90722 | Zot:5    | Lost mutation: Your spells are a little easier to cast, but
                  | a little less powerful. [potion of mutation]
 90722 | Zot:5    | Lost mutation: You sometimes lose your temper in combat.
                  | [potion of mutation]
 90722 | Zot:5    | Lost mutation: You are weak. (Str -2) [potion of mutation]
 90722 | Zot:5    | Gained mutation: Your natural rate of healing is unusually
                  | fast. [potion of mutation]
 90723 | Zot:5    | Lost mutation: Your mind is acute. (Int +4, Str/Dex -1)
                  | [potion of mutation]
 90723 | Zot:5    | Lost mutation: Potions are less effective at restoring your
                  | health. [potion of mutation]
 90723 | Zot:5    | Gained mutation: You are dopey. (Int -2) [potion of
                  | mutation]
 90723 | Zot:5    | Lost mutation: You occasionally lose the ability to drink
                  | potions when taking damage. [potion of mutation]
 90723 | Zot:5    | Gained mutation: You are robust. (+10% HP) [potion of
                  | mutation]
 90724 | Zot:5    | Lost mutation: You are robust. (+10% HP) [potion of
                  | mutation]
 90724 | Zot:5    | Lost mutation: You have hidden genetic defects. [potion of
                  | mutation]
 90724 | Zot:5    | Lost mutation: Your natural rate of healing is unusually
                  | fast. [potion of mutation]
 90724 | Zot:5    | Gained mutation: You have sharp toenails. [potion of
                  | mutation]
 90735 | Zot:5    | Got the Orb of Zot
 90768 | Zot:4    | Noticed Naneyli the pandemonium lord
 91486 | D:$      | Escaped with the Orb!

Illustrated notes

Levels and vault maps discovered:
D:1:      zelgadis_glass_arrival_small, layout_basic, minmay_misc_feat_doors,
          minmay_worlds_worst_comb
D:2:      layout_basic, serial_shops, shop, minmay_lizard_king
D:3:      layout_loops_ring, uniq_natasha
D:4:      layout_basic, mainiacjoe_overflow_alcove_1, trog_book, serial_shops,
          nicolae_shop_waterfront, nicolae_shop_firing_range, uniq_menkaure,
          uniq_crazy_yiuf_cottage, uniq_blork_the_orc
D:5:      layout_loops_ring, minmay_temple_entry_tees
D:6:      layout_loops_corners, serial_shops, nicolae_shop_crystal,
          minmay_misc_feat_chi
D:7:      layout_cave_pods, minitemple, gammafunk_ghost_cemetery
D:8:      layout_rooms
D:9:      minmay_goldmine, layout_small_grid, due_lair_maze_entry_diamond
D:10:     layout_long_grid, enter_trove_0
D:11:     layout_cross, zombieorc2_lemuel, nicolae_wu_jian_glorious_leap
D:12:     layout_roguey, uniq_psyche, uniq_azrael
D:13:     layout_roguey, serial_aquarium, aquarium_bridge_straight
          [aquarium_subvault_bridge, aquarium_subvault_balcony,
          aquarium_subvault_bridge, aquarium_subvault_wall],
          aquarium_window_double, aquarium_window_corridor_3, aquarium_window_1,
          aquarium_window_fake, aquarium_view_2d, aquarium_view_2b, drop_trap,
          uniq_lodul, uniq_maurice
D:14:     statuecave_lemuel, layout_loops_ring, erik_vaults_1,
          nicolae_gozag_seed_capital, gauntlet_entry_generic
D:15:     gammafunk_enter_depths_forms, layout_basic, uniq_josephine
Temple:   regret_index_temple_generic_petals
Lair:1:   layout_regular_city, basic_altar, evilmike_ambush
          [evilmike_ambush_outer_corners, evilmike_ambush_inner_basic]
Lair:2:   layout_cave_pods, nicolae_spider_entry_tight_spaces,
          grunt_forest_large_clearings, uniq_erica
Lair:3:   layout_cave_shapes, swamp_mist, bh_autumn_forest_stairs, st_stairs_10,
          beast_lair_carwin_4
Lair:4:   layout_loops_ring, slime_entry_1, uniq_snorg
Lair:5:   grunt_lair_end_beastmaster, layout_hall_layers, minivault_26,
          grunt_megastairs_4, serial_bayou_shore_a, lemuel_fruit_tree
Swamp:1:  layout_falls_marsh, evilmike_swamp_ruin_house_1, swamp_pool3
Swamp:2:  layout_falls_marsh, gammafunk_ghost_hydra_chop,
          evilmike_swamp_ruin_rubble_2
Swamp:3:  layout_basic_swamp, serial_swamp_ruin, hangedman_swamp_ruin_hall,
          evilmike_swamp_ruin_rubble_1, uniq_mara
Swamp:4:  swamp_icy, layout_basic_swamp
Spider:1: layout_spider_delve
Spider:2: layout_spider_delve, drop_trap
Spider:3: layout_cave_pods, hellmonk_spider_spawner, uniq_jorgrun
Spider:4: hellmonk_spider_rune_endless_swarm, nicolae_spider_bug_shape
Orc:1:    layout_caves, basic_altar, portal_ice_cave_demonic_guard,
          nicolae_shop_vocational
Orc:2:    grunt_orc_community_town_hall, layout_caves,
          grunt_orc_community_big_house_2, grunt_orc_community_big_house_1,
          grunt_orc_community_house_3, grunt_orc_community_house_2,
          grunt_orc_community_house_3, grunt_orc_community_house_2,
          grunt_orc_community_house_1, grunt_orc_community_house_3,
          mines4_lemuel, uniq_sonja
Elf:1:    elf_arrival_002, layout_geoelf_octagon, hangedman_elf_disciples
Elf:2:    nicolae_elf_blades_splatter_lattice [nooodl_blade_entry_preview],
          layout_loops_cross, amethyst_killhole
Elf:3:    grunt_elf_hall_spiral, layout_geoelf_octagon, serial_shops, shop,
          drop_trap, corexii_leaking_fountain, amcnicky_mini_pool_small,
          nicolae_shop_clearance
Vaults:1: nicolae_vaults_circle_grid_b, v_misc_1, v_misc_31, v_misc_5,
          hangedman_vaults_capsules, vaults_room_fours, layout_vaults_omnigrid,
          uniq_zenata
Vaults:2: v_misc_2, ontoclasm_vaults_spin, v_rooms_5, vaults_room_fours,
          st_squares, ontoclasm_vaults_misaligned,
          ontoclasm_vaults_claustrophobia, v_pattern_4,
          nicolae_vaults_yaktaur_gun_rack, nicolae_vaults_little_squares_1,
          layout_vaults_ring, uniq_jory, uniq_xtahua
Vaults:3: dpeg_vaults_monster_row, vaults_room_fancy_cross,
          vaults_mumra_minichess_inversion, hangedman_vaults_nails, v_misc_23,
          minmay_crypt_entry_necro_gods, nicolae_vaults_little_squares_6,
          hangedman_vaults_snaps, ontoclasm_vaults_shuriken,
          vaults_room_guarded_vault, nicolae_vaults_circle_grid_a,
          hangedman_vaults_cutoff, vaults_mumra_hexcomb, vaults_room_hallway,
          ontoclasm_vaults_loading_screen, layout_vaults_omnicross
Vaults:4: nicolae_vaults_halls_meeting, hangedman_vaults_river_flow,
          v_alt_pattern_3, vaults_standard_mumra_x, ontoclasm_vaults_fault,
          v_rooms_2, hangedman_vaults_nails, vaults_room_fours,
          vaults_mumra_hex, layout_vaults_maze_bifur, uniq_mennas
Vaults:5: uniq_bai_suzhen
Depths:1: layout_gridlike, serial_shops, nicolae_shop_stone,
          hangedman_abyss_entry_splay, rand_demon_pan_entry_7,
          pf_hell_entry_great_geh, dpeg_stationary_puzzle, grunt_megastairs_3,
          firewood_loft, uniq_enchantress
Depths:2: cheibrodos_salmonella, layout_gridlike, cheibriados_altar_1,
          grunt_hell_entry_dis_old, rand_demon_pan_entry_8
Depths:3: kennysheep_green_arena, layout_twisted_cross, enter_ziggurat_e,
          hell_entry, abyss_entry, nicolae_ashenzari_panopticon,
          nicolae_sif_muna_little_library, minmay_shoptagon,
          infiniplex_staircase_hallway_doors
Depths:4: grunt_zot_entry_pinwheel, layout_cave_pools, lightli_too_deep,
          minmay_tree_intersection, skrybe_limestone_x, dk_noncrumbling_3,
          minmay_hedge_maze, minmay_shop_star, uniq_josephina, uniq_saint_roka
Zot:1:    layout_onion_interference, grunt_megastairs_1
Zot:2:    layout_gridlike
Zot:3:    kennysheep_blocky_room, layout_concentric_octagons,
          gammafunk_ghost_wrathful_warriors
Zot:4:    circus_mu, layout_onion_interference
Zot:5:    layout_gridlike, st_stairs_11

Skill      XL: |  1  2  3  4  5  6  7  8  9 10 11 12 13 14 15 16 17 18 19 20 21 22 23 24 25 26 27 |
---------------+----------------------------------------------------------------------------------+-----
Fighting       | 1 2 5 8 10 14 15 19 20 25 | 25.8
Short Blades   | 2 4 8 13 17 19 | 19.8
Ice Magic      | 2 5 7 10 | 10.0
Hexes          | 4 5 7 10 | 10.0
Spellcasting   | 3 4 5 7 8 10 | 10.0
Dodging        | 4 5 10 12 13 15 18 20 22 24 | 24.0
Conjurations   | 2 |  2.0
Stealth        | 5 8 10 15 | 15.0
Evocations     | 5 10 17 20 | 20.0
Throwing       | 2 |  2.0
Armour         | 1 5 6 8 10 | 10.0
Shields        | 5 8 10 14 15 16 | 16.0
Ranged Weapons | 4 12 14 | 14.0
Summonings     | 5 |  5.0
Long Blades    | 2 |  2.3
Translocations | 5 |  5.0
Transmutations | 7 |  7.0
Earth Magic    | 4 |  4.0

Action                     |  1- 3 |  4- 6 |  7- 9 | 10-12 | 13-15 | 16-18 | 19-21 | 22-24 | 25-27 || total
---------------------------+-------+-------+-------+-------+-------+-------+-------+-------+-------++-------
  Melee: Dagger            |    86 |    83 |    65 |    86 |       |     1 |       |       |       ||   321
         Punch             |     1 |       |     3 |     9 |     9 |       |       |       |       ||    22
         Short sword       |       |    21 |    81 |   165 |   133 |       |       |       |       ||   400
         Staff             |       |       |     6 |       |       |       |       |       |       ||     6
         Rapier            |       |       |       |   198 |   640 |   654 |  1151 |  2085 |  4675 ||  9403
         Falchion          |       |       |       |       |       |    36 |       |     3 |    19 ||    58
         Headbutt          |       |       |       |       |       |       |       |       |    93 ||    93
   Fire: Arbalest          |       |       |       |       |       |     2 |       |       |       ||     2
         Sling             |       |       |       |       |       |       |       |       |    26 ||    26
  Throw: Dart              |     2 |       |       |       |     2 |    10 |     3 |       |       ||    17
         Boomerang         |       |       |       |       |     5 |       |       |       |       ||     5
         Throwing net      |       |       |       |       |       |       |     1 |       |     7 ||     8
   Cast: Ensorcelled Hiber |    26 |    38 |    77 |   130 |   136 |   156 |   150 |   121 |    15 ||   849
         Confusing Touch   |       |     1 |     6 |    11 |    20 |    13 |    28 |       |       ||    79
         Tukima's Dance    |       |       |    17 |     6 |       |       |       |       |       ||    23
         Dazzling Flash    |       |       |       |     2 |     1 |       |       |       |       ||     3
         Frozen Ramparts   |       |       |       |     5 |    27 |       |     1 |       |       ||    33
         Ozocubu's Armour  |       |       |       |       |    22 |       |       |       |       ||    22
         Metabolic Englaci |       |       |       |       |       |       |       |       |     4 ||     4
         Portal Projectile |       |       |       |       |       |       |       |       |     3 ||     3
 Invoke: Serpent's Lash    |       |       |       |       |     2 |       |       |     2 |     1 ||     5
         Heavenly Storm    |       |       |       |       |       |       |       |       |     1 ||     1
Ability: Lunge             |       |       |     3 |    63 |    75 |    92 |   113 |   105 |   143 ||   594
         Whirlwind         |       |       |       |    16 |    69 |    35 |   177 |   344 |   550 ||  1191
         Wall Jump         |       |       |       |       |       |       |       |       |     1 ||     1
  Evoke: Wand              |       |       |     1 |     2 |    11 |    10 |     3 |     7 |     4 ||    38
         Condenser vane    |       |       |       |       |     3 |       |     6 |     9 |    14 ||    32
         Tin of tremorston |       |       |       |       |     1 |     7 |    10 |    14 |    15 ||    47
         Box of beasts     |       |       |       |       |       |     2 |     3 |     2 |     3 ||    10
         Phantom mirror    |       |       |       |       |       |       |     3 |     1 |     2 ||     6
         Lightning rod     |       |       |       |       |       |       |     2 |     6 |    11 ||    19
         Phial of floods   |       |       |       |       |       |       |       |       |     1 ||     1
    Use: Scroll            |     2 |     5 |     4 |     7 |    11 |    12 |     8 |    15 |    17 ||    81
         Potion            |       |       |     5 |     3 |    11 |     7 |     5 |     4 |    30 ||    65
   Stab: Sleeping          |    28 |    48 |    43 |    77 |   139 |   157 |   157 |   124 |    44 ||   817
         Confused          |       |     1 |     6 |     7 |    21 |    11 |    20 |       |       ||    66
         Invisible         |       |       |       |     4 |     1 |     1 |       |       |       ||     6
         Distracted        |       |       |       |     3 |     4 |     8 |    10 |    12 |    42 ||    79
         Held in net/web   |       |       |       |       |       |       |       |       |     4 ||     4
         Fleeing           |       |       |       |       |       |       |       |       |     2 ||     2
 Armour: Robe              |    21 |    11 |    14 |       |       |    26 |    17 |    41 |       ||   130
         Steam dragon scal |       |       |     5 |    46 |    89 |       |       |       |       ||   140
         Swamp dragon scal |       |       |       |       |       |    12 |    51 |       |       ||    63
         Acid dragon scale |       |       |       |       |       |       |       |    26 |   231 ||   257
         Skin              |       |       |       |       |       |       |       |       |    49 ||    49
  Dodge: Dodged            |    76 |    54 |   109 |   267 |   571 |   346 |   452 |   540 |  1462 ||  3877
  Block: Other             |     3 |    12 |    33 |    63 |   113 |     4 |       |       |       ||   228
         Reflection        |       |       |     5 |     4 |     1 |     6 |    39 |    45 |    18 ||   118
         Buckler           |       |       |       |       |    36 |   173 |       |       |       ||   209
         Kite shield       |       |       |       |       |       |   146 |   862 |   989 |  1820 ||  3817

Table legend: (Time is in decaauts)
 A = Elapsed time spent in this place.
 B = Non-inter-level travel time spent in this place.
 C = Inter-level travel time spent in this place.
 D = Time resting spent in this place.
 E = Time spent auto-exploring this place.
 F = Levels seen in this place.
 G = Mean time per level.
                   A        B        C        D        E       F      G
               +--------+--------+--------+--------+--------+-----+--------+
         Total |  88507 |  78482 |  10025 |  19889 |  42651 |  51 | 1735.4 |
       Dungeon |  27638 |  23184 |   4454 |   5157 |  14183 |  15 | 1842.5 |
        Temple |    240 |    230 |     10 |      0 |    217 |   1 |  240.0 |
          Lair |  10351 |   9225 |   1126 |   3118 |   4504 |   5 | 2070.2 |
         Swamp |   4403 |   4134 |    269 |   1231 |   1846 |   4 | 1100.8 |
   Spider Nest |   4178 |   3804 |    374 |    547 |   2196 |   4 | 1044.5 |
  Orcish Mines |   3095 |   2315 |    780 |    124 |   1509 |   2 | 1547.5 |
   Elven Halls |   5353 |   4942 |    411 |   1527 |   2423 |   3 | 1784.3 |
        Vaults |  13260 |  12166 |   1094 |   3617 |   5851 |   5 | 2652.0 |
        Depths |   7118 |   5983 |   1135 |   1633 |   3287 |   4 | 1779.5 |
           Zot |  10837 |  10469 |    368 |   2175 |   5967 |   5 | 2167.4 |
         Trove |     41 |     41 |      0 |      0 |      5 |   1 |   41.0 |
      Ice Cave |   1192 |   1192 |      0 |    372 |    479 |   1 | 1192.0 |
      Gauntlet |    795 |    795 |      0 |    386 |    184 |   1 |  795.0 |
               +--------+--------+--------+--------+--------+-----+--------+

Top non-repeatable levels by time:
   Zot:5: 3457 daAuts
     D:3: 3414 daAuts
Vaults:4: 3393 daAuts
Vaults:3: 3171 daAuts
   Zot:4: 2954 daAuts
     D:6: 2689 daAuts
  Lair:3: 2667 daAuts
Vaults:1: 2630 daAuts
  Lair:5: 2370 daAuts
   Elf:1: 2314 daAuts
Depths:2: 2253 daAuts
     D:7: 2204 daAuts
   Zot:3: 2174 daAuts
Vaults:5: 2174 daAuts
    D:15: 2165 daAuts
